Unix NetHack Version 3.7.0-51 Work-in-progress - last build Mar 7 2022 13:06:07 (ce1e6a145e5d3e7dd6f4b57ba37794bc207988de,branch:master). Game began 2022-03-12 23:07:00, ended 2022-03-12 23:58:35. Gandelf, neutral male human Monk ------- |.....| ------ |.....| # |...@-# |.....|# ## |{.}.|1 |.....0## ##### |....|# ---|-.-####-.-.-.)----- |}...|### ################...........-## ------------- |....-###### ### )#|........).| ##)######....<.......| |.)..| # # ####...........| |..........)| ------ ## # ------------ |^..........| ##### -----.--# ------------- ##|......|# #|......|# #.......-# |......| -------- Gandelf the Initiate St:13 Dx:17 Co:16 In:13 Wi:14 Ch:10 Neutral S:5456 Dlvl:7 $:1610 HP:0(56) Pw:39(39) AC:0 Xp:7/849 T:4474 Burdened Blind Latest messages: In what direction? h As you kick the door, it crashes open! You hit the giant ant! The giant ant bites! You kill the giant ant! There is a broken door here. You see here an emerald potion. You have a little trouble lifting i - an emerald potion. The owlbear misses! The owlbear hits! You hit the owlbear! The owlbear misses! The owlbear hits! You hit the owlbear! The owlbear hits! The owlbear hits! The owlbear grabs you! You hit the owlbear. The owlbear hits! The owlbear misses! You are being crushed. You hit the owlbear! You kill the owlbear! You see here 57 gold pieces. You have a little trouble lifting $ - 57 gold pieces. This door is locked. This door is locked. This door is locked. This door is locked. This door is locked. This door is locked. This door is locked. This door is locked. Something is written here in the dust. You read: "/l?d as n??c". There is a staircase up to level 7 here. You see here 3 rocks. You climb up the stairs. The raven bites! The raven blinds you! It bites! You feel an unseen monster! It bites! It bites! You feel an unseen monster! It bites! You feel an unseen monster! It bites! You die... Do you want your possessions identified? [ynq] (y) q Major events: Turn 1: Gandelf the neutral male human Monk entered the dungeon 1156: entered the Gnomish Mines 1192: attained the rank of Novice (level 3) 2557: attained the rank of Initiate (level 6) 4060: entered Sokoban 4474: killed by a raven Inventory: Coins $ - 1610 gold pieces Amulets E - a cursed amulet of change Weapons m - 6 +1 ya Armor w - an uncursed +0 dwarvish iron helm (being worn) a - an uncursed +2 pair of leather gloves (being worn) R - an uncursed +0 pair of iron shoes (being worn) x - a cursed +0 pair of iron shoes M - an uncursed +0 pair of kicking boots N - an uncursed +0 dwarvish cloak T - an uncursed +0 dwarvish cloak X - an uncursed +0 dwarvish cloak b - an uncursed +1 robe (being worn) P - an uncursed +0 elven mithril-coat Comestibles g - 6 uncursed apples f - 2 uncursed food rations h - 4 uncursed oranges n - 2 uncursed tripe rations K - an uncursed lizard corpse Scrolls l - a blessed scroll of confuse monster U - an uncursed scroll of confuse monster Q - an uncursed scroll of create monster p - an uncursed scroll of enchant armor s - 2 uncursed scrolls of enchant weapon t - an uncursed scroll of identify r - 2 uncursed scrolls of light d - an uncursed scroll of magic mapping V - an uncursed scroll of magic mapping j - an uncursed scroll of remove curse Spellbooks H - an uncursed spellbook of cure sickness G - an uncursed spellbook of detect monsters c - a blessed spellbook of healing Potions i - an uncursed potion of levitation e - 3 uncursed potions of water o - 2 uncursed potions of water F - 2 uncursed potions of water J - an uncursed potion of water Rings y - an uncursed ring of levitation z - an uncursed ring of polymorph control A - an uncursed +1 ring of protection S - an uncursed ring of see invisible u - an uncursed ring of warning Wands k - a wand of create monster (0:15) W - a wand of magic missile (0:5) Tools Z - a blessed oil lamp v - a +0 pick-axe q - a +0 unicorn horn Gems/Stones O - an uncursed ruby D - an uncursed topaz stone B - 2 uncursed worthless pieces of blue glass C - 2 uncursed worthless pieces of green glass I - 4 uncursed worthless pieces of red glass Y - an uncursed worthless piece of violet glass L - an uncursed worthless piece of yellow glass Gandelf the Monk's attributes: Background: You were an Initiate, a level 7 male human Monk. You were neutral, on a mission for Chih Sung-tzu who was opposed by Shan Lai Ching (lawful) and Huan Ti (chaotic). You were in the Dungeons of Doom, on level 7. You entered the dungeon 4474 turns ago. It was nighttime. You had 849 experience points, 431 more were needed to attain level 8. Your score was 5456 before end-of-game adjustments. Basics: You had 0 out of 56 hit points. You had all 39 energy points (spell power). Your armor class was 0. Your wallet contained 1610 zorkmids. Autopickup was off. Final Characteristics: Your strength was 13 (limit:18/100). Your dexterity was 17 (limit:18). Your constitution was 16 (limit:18). Your intelligence was 13 (limit:18). Your wisdom was 14 (limit:18). Your charisma was 10 (limit:18). Final Status: You were temporarily blind. You were not hungry. You were burdened; movement was slightly slowed. You were empty handed. You had basic skill with martial arts and could have enhanced that. Final Attributes: You were piously aligned. You were sleep resistant. You were poison resistant. You would have seen invisible when not blind. You were warned. You were stealthy. You were guarded. You were fast. You are dead. Miscellaneous: You never encountered a bones level. Total elapsed playing time was 34 minutes and 3 seconds. Vanquished creatures: 3 small mimics a giant beetle a quivering blob 2 leprechauns an owlbear a lizard a housecat a white unicorn 2 human zombies a soldier ant a fire ant a bugbear a quasit a mountain nymph a rock piercer 2 gnome leaders a ghoul a straw golem 3 giant ants 4 dwarves a homunculus 2 rothes 2 centipedes a giant bat a werejackal an acid blob 3 coyotes 2 hobbits 3 manes a large kobold a giant rat a brown mold 3 red molds 7 gnomes a gnome zombie 5 geckos a jackal 3 foxes a kobold a sewer rat 5 grid bugs a bat 2 lichens a kobold zombie 9 newts 89 creatures vanquished. No species were genocided or became extinct. Voluntary challenges: You followed a strict vegan diet. You never hit with a wielded weapon. You were illiterate. You never engraved Elbereth. You never genocided any monsters. You never polymorphed an object. You never changed form. You used no wishes. You did not violate any of the special Sokoban rules. Achievements: You entered a shop. You entered the Gnomish Mines. You attained the rank of Novice. You attained the rank of Initiate. You entered Sokoban. The Dungeons of Doom: levels 1 to 10 Level 1: Level 2: Level 3: A general store. Level 4: Stairs down to The Gnomish Mines. Level 5: Level 6: Level 7: <- You were here. A fountain. Final resting place for you, killed by a raven. Level 8: Level 9: Level 10: A general store, a fountain. Stairs up to Sokoban, level 9. The Gnomish Mines: Level 5: Sokoban: Level 9: Unsolved. Game over: ---------- / \ / REST \ / IN \ / PEACE \ / \ | Gandelf | | 1610 Au | | killed by a | | raven | | | | | | 2022 | *| * * * | * _________)/\\_//(\/(/\)/\//\/|_)_______ Goodbye Gandelf the Monk... You died in The Dungeons of Doom on dungeon level 7 with 5295 points, and 1610 pieces of gold, after 4474 moves. You were level 7 with a maximum of 56 hit points when you died.